 Dungeon Crawl Stone Soup version 0.25-a0-1137-g7f6bfe439b (webtiles) character file.

Game seed: 16077284011716734471, levelgen mode: deterministic

192 MalarOregon the Cudgeler (level 5, 13/45 HPs)
             Began as a Draconian Warper on May 24, 2020.
             Quit the game on level 3 of the Dungeon on June 11, 2020.
             The game lasted 00:07:52 (3120 turns).

MalarOregon the Cudgeler (Draconian Warper)         Turns: 3120, Time: 00:07:53

Health: 13/45      AC:  5    Str: 13    XL:     5   Next: 42%
Magic:  9/9        EV: 13    Int: 14    God:
Gold:   55         SH:  0    Dex: 11    Spells: 9/9 levels left

rFire    . . .     SeeInvis .   a - +0 mace
rCold    . . .     Gourm    .   (no shield)
rNeg     . . .     Faith    .   (armour unavailable)
rPois    .         Spirit   .   (helmet restricted)
rElec    .         Reflect  .   (no cloak)
rCorr    .         Harm     .   (no gloves)
MR       .....                  (no boots)
Stlth    +.........             q - amulet of the acrobat
HPRegen  0.15/turn              (no ring)
MPRegen  0.11/turn              (no ring)

@: no status effects
A: unfitting armour, cold-blooded, AC +5
a: no special abilities


You were on level 3 of the Dungeon.
You were not hungry.

You visited 1 branch of the dungeon, and saw 3 of its levels.

You collected 55 gold pieces.

Inventory:

Hand Weapons
 a - a +0 mace (weapon)
Missiles
 d - 4 boomerangs of dispersal (quivered) {!f}
 f - 9 poisoned darts
 k - 4 boomerangs
Jewellery
 i - a +4 ring of evasion {unknown}
   (You found it on level 1 of the Dungeon)
 q - an amulet of the acrobat (around neck)
   (You took it off a hobgoblin on level 2 of the Dungeon)
 x - an uncursed amulet of faith {!P}
   (You took it off a goblin on level 2 of the Dungeon)
Scrolls
 b - a scroll of fog {unknown}
 c - 2 scrolls of blinking
 h - a scroll of identify {unknown}
 j - a scroll of amnesia {unknown}
 l - a scroll of teleportation {unknown}
 o - a scroll of remove curse {unknown}
 p - a scroll of fear {unknown}
 r - 2 scrolls of random uselessness {unknown}
Potions
 g - 2 potions of invisibility {unknown}
 m - a potion of mutation {unknown}
 n - a potion of experience {unknown}
 s - 2 potions of brilliance {unknown}
 t - 4 potions of curing {unknown}
 u - 2 potions of degeneration {unknown}
 v - a potion of stabbing {unknown}
 w - a potion of lignification {unknown}
Comestibles
 e - 3 rations {!d}
 z - 5 chunks of flesh


   Skills:
 + Level 3.4 Fighting
 * Level 3.9 Maces & Flails
 - Level 0.8 Throwing
 + Level 3.0 Dodging
 + Level 2.8 Spellcasting
   Level 3.0 Translocations


You had 9 spell levels left.
You didn't know any spells.
Your spell library contained the following spells:

 Spells                   Type           Power        Failure   Level  Hunger
 Blink                    Tloc           N/A          10%         2    ##.....
 Shroud of Golubria       Chrm/Tloc      #.....       19%         2    ##.....
 Gell's Gravitas          Tloc           ##........   19%         3    ###....
 Lesser Beckoning         Tloc           ##........   19%         3    ###....
 Teleport Other           Tloc           ##......     19%         3    ###....
 Passage of Golubria      Tloc           N/A          54%         4    #####..


Dungeon Overview and Level Annotations

Branches:
Dungeon (3/15)

Altars:
Okawaru


Innate Abilities, Weirdness & Mutations

Your plain brown scales are hard. (AC +5)
You cannot fit into any form of body armour.
You are cold-blooded and may be slowed by cold attacks.


Message History

The orc wizard hits you with a +0 dagger.
* * * LOW HITPOINT WARNING * * *
You hit the orc wizard but do no damage.
The orc wizard closely misses you.
You miss the orc wizard.
Your tail-slap misses the orc wizard.
The orc wizard hits you but does no damage.
Unknown command.
You closely miss the orc wizard.
The orc wizard hits you with a +0 dagger.
* * * LOW HITPOINT WARNING * * *
The orc wizard mumbles some strange words.
The orc wizard blinks!
You barely miss the orc. The orc barely misses you.
Unknown command.
You barely miss the orc. The orc hits you but does no damage.
You hit the orc. The orc barely misses you.
You thump the orc!
You kill the orc!
The orc wizard casts a spell at you. The magic dart hits you.
* * * LOW HITPOINT WARNING * * *
You barely miss the orc.
Your tail-slap misses the orc.
The orc closely misses you.
You hit the orc.
You kill the orc!
Unknown command.
The orc wizard misses you.
Items here: $ )) [[[ †††† Unknown command.
You thump the orc wizard! You tail-slap the orc wizard.
The orc wizard hits you with a +0 dagger.
* * * LOW HITPOINT WARNING * * *
You barely miss the orc wizard.
Your tail-slap misses the orc wizard.
The orc wizard mumbles some strange words.
The orc wizard seems to speed up.
You hit the orc wizard.
You kill the orc wizard!
Your Dodging skill increases to level 3!
Things that are here:
a +0 dagger; a +0 robe; an orc corpse You butcher the orc corpse.
z - 5 chunks of flesh (gained 2)
Things that are here:
a +0 dagger; a +0 robe; an orc skeleton Welcome back, MalarOregon the Draconian Warper.
Welcome back, MalarOregon the Draconian Warper.
Welcome back, MalarOregon the Draconian Warper.
Welcome back, MalarOregon the Draconian Warper.
Quiver which item? (- for none, * to show all) (? for menu, Esc to quit)
Okay, then.

##.# #......
##..# #......
#<.## #......
#.## #......
#######.#######
#......
!..............
......)
#######.#######
###$# #.@.#
#......$..#
#.........#
#.........#
..........##
...........
............
............#


There were no monsters in sight!

Vanquished Creatures
  An orc priest (D:3)
  An orc wizard (D:3)
  Terence (D:2)
  3 adders (D:2)
  4 worms
  A leopard gecko (D:1)
  5 orcs (D:3)
  A ball python (D:1)
  8 bats
  3 giant cockroaches
  6 goblins
  4 hobgoblins
  2 jackals (D:2)
  A quokka (D:2)
  5 frilled lizards
  7 kobolds
  7 rats
60 creatures vanquished.

Vanquished Creatures (others)
  An orc wizard (D:3)
1 creature vanquished.

Grand Total: 61 creatures vanquished

Notes
Turn   | Place    | Note
-------+----------+-------------------------------------------
     0 | D:1      | MalarOregon the Draconian Warper began the quest for the
                  | Orb.
     0 | D:1      | Reached XP level 1. HP: 17/17 MP: 3/3
   269 | D:1      | Reached XP level 2. HP: 24/25 MP: 5/5
   897 | D:1      | Reached XP level 3. HP: 23/30 MP: 6/6
  1768 | D:2      | Found an iron altar of Okawaru.
  2227 | D:2      | Reached XP level 4. HP: 26/37 MP: 7/7
  2365 | D:2      | Noticed Terence
  2404 | D:2      | Killed Terence
  2890 | D:3      | Reached XP level 5. HP: 19/45 MP: 7/9
  3120 | D:3      | Quit the game

Illustrated notes

Levels and vault maps discovered:
D:1:      minmay_arrival_stone_box, layout_rooms, grunt_decor_clamped
D:2:      layout_rooms, okawaru_metal_pillars_1_2, uniq_terence
D:3:      layout_rooms, hangedman_decor_growths

Skill      XL: |  1  2  3  4  5 |
---------------+----------------+-----
Maces & Flails | 3 |  3.9
Fighting       | 3 |  3.4
Dodging        | 3 |  3.0
Throwing       | |  0.8
Spellcasting   | |  2.8
Translocations | |  3.0

Action                   |  1- 3 |  4- 6 || total
-------------------------+-------+-------++-------
Melee: Mace              |   152 |   101 ||   253
       Tailslap          |     6 |    12 ||    18
Throw: Boomerang         |     1 |       ||     1
  Eat: Chunk             |     3 |     4 ||     7
Armor: Skin              |    65 |    27 ||    92
Dodge: Dodged            |    98 |    44 ||   142

Table legend:
 A = Non-vault XP
 B = Vault XP
 C = Vault XP percentage of total XP
 D = Non-vault monster count
 E = Vault monster count
 F = Vault count percentage of total count
                 A         B        C        D         E       F
            +---------+---------+-------+---------+---------+-------
      Total |     239 |      36 |  13.1 |      60 |       1 |   1.6
            +---------+---------+-------+---------+---------+-------
        D:1 |      46 |       0 |   0.0 |      28 |       0 |   0.0
        D:2 |      62 |      36 |  36.7 |      15 |       1 |   6.2
        D:3 |     131 |       0 |   0.0 |      17 |       0 |   0.0
            +---------+---------+-------+---------+---------+-------
